[Event "Titled Tuesday Blitz August 15 Late 2023"]
[White "Goltsev, Dmitry"]
[Black "Gatterer, Florian"]
[WhiteFideId "24176710"]
[BlackFideId "811688"]
[WhiteElo "2645"]
[BlackElo "2354"]
[Result "1-0"]
[Round "2"]
[TimeControl "180+1"]
[Date "2023.08.15"]
[WhiteClock "0:01:45"]
[BlackClock "0:01:21"]
[Board "108"]

1. d4 Nf6 2. c4 g6 3. g3 c6 4. Bg2 d5 5. Nc3 Bg7 6. Nf3 O-O 7. O-O dxc4 8. e4 b5 9. Ne5 Nfd7 10. Nxd7 Nxd7 11. e5 Qc7 12. Nxb5 Qb6 13. Na3 Qa6 14. Qc2 Bb7 15. Qxc4 Qxc4 16. Nxc4 Nb6 17. Na5 Ba6 18. Nxc6 Rfe8 19. Rd1 Kf8 20. b3 Bb7 21. Ba3 Rac8 22. Nxe7 Bxg2 23. Nxc8+ Kg8 24. Nxb6 axb6 25. Kxg2 Ra8 26. Bd6 1-0


[Site "https://www.chess.com"]

[Event "Titled Tuesday Blitz August 15 Late 2023"]
[White "Kekic, Armin"]
[Black "Valenzuela Gomez, Fernando"]
[WhiteFideId "14401274"]
[BlackFideId "3409392"]
[WhiteElo "2353"]
[BlackElo "2635"]
[Result "0-1"]
[Round "2"]
[TimeControl "180+1"]
[Date "2023.08.15"]
[WhiteClock "0:00:00"]
[BlackClock "0:02:04"]
[Board "109"]

1. e4 d6 2. d4 Nf6 3. Nc3 e5 4. dxe5 dxe5 5. Qxd8+ Kxd8 6. Bc4 Bb4 7. Bg5 Ke7 8. Nf3 Bxc3+ 9. bxc3 Nc6 10. O-O-O Be6 11. Bxe6 Kxe6 12. Rhe1 Nd7 13. Be3 f6 14. Rd2 Nb6 15. Bxb6 axb6 16. Kb2 Ra4 17. Rd3 Rha8 18. Ra1 Rxe4 19. Rad1 Rea4 20. Ra1 R8a5 21. Nd2 Rb5+ 22. Nb3 Rba5 23. f3 Rd5 24. Rxd5 Kxd5 25. Rd1+ Ke6 26. Nd2 Ra8 27. g3 Rd8 28. Kc1 b5 29. Re1 b4 30. Ne4 b6 31. cxb4 Nxb4 32. Kb2 h6 33. f4 f5 34. Nc3 e4 35. Re2 Nd5 36. Nxd5 Rxd5 37. c4 Rd3 38. a3 Kd6 39. Rc2 Kc5 40. Ka2 e3 41. Kb1 Kd4 42. Kc1 Rc3 43. Rxc3 Kxc3 44. c5 bxc5 45. Kd1 Kb3 46. Ke2 Kxa3 47. Kxe3 c4 48. Kd2 Kb2 0-1


[Site "https://www.chess.com"]

[Event "Titled Tuesday Blitz August 15 Late 2023"]
[White "Nasir, Zehn"]
[Black "Silvestre, Christian"]
[WhiteFideId "2613239"]
[BlackFideId "30956269"]
[WhiteElo "2618"]
[BlackElo "2351"]
[Result "1-0"]
[Round "2"]
[TimeControl "180+1"]
[Date "2023.08.15"]
[WhiteClock "0:01:29"]
[BlackClock "0:01:31"]
[Board "110"]

1. d4 Nf6 2. Bf4 c5 3. e3 cxd4 4. exd4 d6 5. c3 g6 6. Nd2 Bg7 7. Bd3 O-O 8. Ngf3 Nc6 9. O-O e5 10. Bg3 Nh5 11. Bh4 Qb6 12. d5 Nb8 13. Be7 Qc7 14. Bxf8 Bxf8 15. Re1 Nd7 16. Bf1 Ndf6 17. Ne4 Nxe4 18. Rxe4 f5 19. Re1 Bh6 20. Qb3 g5 21. Nxe5 Nf4 22. Nd3 g4 23. Nxf4 Bxf4 24. Re8+ 1-0


[Site "https://www.chess.com"]

[Event "Titled Tuesday Blitz August 15 Late 2023"]
[White "Blackburn, Jonathan L B"]
[Black "Tatarinov, Dmitry"]
[WhiteFideId "1801090"]
[BlackFideId "24160067"]
[WhiteElo "2349"]
[BlackElo "2614"]
[Result "1-0"]
[Round "2"]
[TimeControl "180+1"]
[Date "2023.08.15"]
[WhiteClock "0:00:43"]
[BlackClock "0:01:30"]
[Board "111"]

1. d4 d5 2. c4 e6 3. Nf3 Nf6 4. Nc3 Bb4 5. cxd5 exd5 6. Bg5 h6 7. Bh4 g5 8. Bg3 Nc6 9. e3 Ne4 10. Rc1 h5 11. h4 Nxg3 12. fxg3 g4 13. Nd2 Bd6 14. Ne2 Qe7 15. Qb3 Bd7 16. Kd1 O-O-O 17. Nf4 Bxf4 18. gxf4 Rhe8 19. Rc3 Bf5 20. Bd3 Bxd3 21. Rxd3 Kb8 22. a3 Qe6 23. g3 Ne7 24. Re1 Nf5 25. Nf1 Qe4 26. Kc1 Re6 27. Re2 Rb6 28. Qc2 Rc6 29. Rc3 Rxc3 30. bxc3 Qh1 31. Qd1 Re8 32. Kb2 Re6 33. a4 a5 34. Rf2 Nxe3 35. Nxe3 Qe4 36. Nc2 Rb6+ 37. Ka2 Qe8 38. Na3 Qe3 39. Re2 Qxc3 40. Re8+ Ka7 41. Nb5+ Rxb5 42. axb5 Qxg3 43. Qe1 Qg2+ 44. Re2 1-0


[Site "https://www.chess.com"]

[Event "Titled Tuesday Blitz August 15 Late 2023"]
[White "Peatman, Carter"]
[Black "Wieczorek, Oskar"]
[WhiteFideId "2096480"]
[BlackFideId "1133950"]
[WhiteElo "2342"]
[BlackElo "2603"]
[Result "0-1"]
[Round "2"]
[TimeControl "180+1"]
[Date "2023.08.15"]
[WhiteClock "0:00:00"]
[BlackClock "0:00:07"]
[Board "112"]

1. d4 Nf6 2. Bf4 Ng8 3. e3 d6 4. e4 g6 5. Bd3 Bg7 6. c3 Nf6 7. h4 Nc6 8. Nd2 e5 9. Be3 Ng4 10. Ngf3 Nxe3 11. fxe3 Bg4 12. Qb3 Rb8 13. O-O-O Bh6 14. Rde1 O-O 15. Qc2 b5 16. Kb1 b4 17. c4 Qe7 18. Nb3 a5 19. d5 a4 20. dxc6 axb3 21. Qxb3 Qe8 22. Qa4 Rb6 23. c5 dxc5 24. Bb5 Qe6 25. Re2 f5 26. Rc1 Kh8 27. exf5 gxf5 28. Ree1 Qe7 29. Be2 Bxe3 30. Rc2 f4 31. Nd4 exd4 32. Bxg4 d3 33. Rc4 d2 34. Rd1 Rbb8 35. Qc2 Rbd8 36. Re4 Qg7 37. Bf3 Rd4 38. Re6 Rd6 39. Rxd6 cxd6 40. Qe4 Qe5 41. Qc2 d5 42. Qa4 c4 43. Qb5 c3 44. Qxd5 Qxd5 45. Bxd5 Kg7 46. Kc2 Kf6 47. bxc3 bxc3 48. Kxc3 Ke5 49. Bf3 Kd6 50. Kc2 Ra8 51. Kb3 Rb8+ 52. Kc2 Rb4 53. Rb1 Rc4+ 54. Kb2 Rc1 0-1


[Site "https://www.chess.com"]

[Event "Titled Tuesday Blitz August 15 Late 2023"]
[White "Gamayev, Oleg"]
[Black "Della Corte, Alessandro"]
[WhiteFideId "2802813"]
[BlackFideId "813540"]
[WhiteElo "2591"]
[BlackElo "2341"]
[Result "1-0"]
[Round "2"]
[TimeControl "180+1"]
[Date "2023.08.15"]
[WhiteClock "0:01:56"]
[BlackClock "0:01:09"]
[Board "113"]

1. d3 d6 2. e4 e5 3. Nf3 Nf6 4. c3 g6 5. Be2 Bg7 6. O-O O-O 7. b4 a5 8. Nbd2 axb4 9. cxb4 Nbd7 10. Bb2 h6 11. Qc2 c6 12. Rfc1 Re8 13. Bf1 Nf8 14. h3 Be6 15. a4 N6d7 16. d4 exd4 17. Bxd4 Ne5 18. Nxe5 dxe5 19. Be3 Qe7 20. Bc4 Red8 21. b5 cxb5 22. Bxe6 Nxe6 23. axb5 Rxa1 24. Rxa1 h5 25. Nf3 Nd4 26. Bxd4 exd4 27. Qd3 Qc5 28. Re1 Qc3 29. Rd1 Rc8 30. e5 Qxd3 31. Rxd3 Rc1+ 32. Kh2 Rc5 33. Rxd4 Bxe5+ 34. Nxe5 Rxe5 35. b6 Re6 36. Rb4 Kf8 37. f4 Ke7 38. g4 h4 39. Kg2 Kd7 40. Kf3 Kc6 41. g5 Rd6 42. Kg4 Rd5 43. Kxh4 Rb5 44. Rxb5 Kxb5 45. f5 Kxb6 46. fxg6 fxg6 47. Kg4 Kc6 48. h4 Kd6 49. h5 gxh5+ 50. Kxh5 b5 51. g6 1-0


[Site "https://www.chess.com"]

[Event "Titled Tuesday Blitz August 15 Late 2023"]
[White "Golubev, Mikhail"]
[Black "Jahnz, Fabian"]
[WhiteFideId "14100983"]
[BlackFideId "4653300"]
[WhiteElo "2569"]
[BlackElo "2335"]
[Result "0-1"]
[Round "2"]
[TimeControl "180+1"]
[Date "2023.08.15"]
[WhiteClock "0:00:00"]
[BlackClock "0:00:15"]
[Board "114"]

1. e4 c6 2. Nf3 d5 3. Nc3 dxe4 4. Nxe4 Nf6 5. Qe2 Nxe4 6. Qxe4 Qd5 7. Qf4 Qf5 8. Qxf5 Bxf5 9. c4 f6 10. d4 e6 11. Be3 Bb4+ 12. Nd2 Kf7 13. O-O-O Nd7 14. a3 Ba5 15. Be2 e5 16. Nf3 Rad8 17. Nh4 Bg6 18. Nxg6 hxg6 19. b4 Bc7 20. d5 cxd5 21. Rxd5 Nb6 22. Rxd8 Rxd8 23. Kc2 Ke6 24. a4 Bb8 25. a5 Nc8 26. Bf3 b6 27. Ra1 f5 28. axb6 axb6 29. Bd5+ Kf6 30. Ra6 Bc7 31. g3 g5 32. f3 f4 33. Bf2 Rd6 34. Be4 Ne7 35. Ra7 Bd8 36. c5 bxc5 37. bxc5 Re6 38. gxf4 gxf4 39. Kb3 Nc6 40. Rd7 Be7 41. Kc4 Na5+ 42. Kb5 Nb3 43. c6 Bd6 0-1


[Site "https://www.chess.com"]

[Event "Titled Tuesday Blitz August 15 Late 2023"]
[White "Francisco Guecamburu, Candela Be"]
[Black "Harish, Neeraj"]
[WhiteFideId "160911"]
[BlackFideId "30958130"]
[WhiteElo "2563"]
[BlackElo "2333"]
[Result "1-0"]
[Round "2"]
[TimeControl "180+1"]
[Date "2023.08.15"]
[WhiteClock "0:00:31"]
[BlackClock "0:00:07"]
[Board "115"]

1. e4 c5 2. Nf3 Nc6 3. Bb5 g6 4. Bxc6 dxc6 5. d3 Bg7 6. h3 Nf6 7. Nc3 Nd7 8. Bg5 h6 9. Be3 e5 10. Qd2 b6 11. O-O-O a5 12. Kb1 a4 13. Nh2 b5 14. Rhf1 b4 15. Ne2 b3 16. cxb3 axb3 17. a3 Qe7 18. Nc1 Ba6 19. Qc3 O-O 20. Nxb3 c4 21. dxc4 Rfb8 22. Na5 Qe6 23. Rd2 Bf8 24. Rfd1 Bc8 25. Ng4 h5 26. Nh2 Nc5 27. Bxc5 Bxc5 28. Rd8+ Kg7 29. Nf3 f6 30. Nb3 Bxa3 31. bxa3 Rxa3 32. Nd2 Qe7 33. Kb2 Raxb3+ 34. Nxb3 Be6 35. Rxb8 1-0


[Site "https://www.chess.com"]

[Event "Titled Tuesday Blitz August 15 Late 2023"]
[White "arturdailima"]
[Black "Shapiro, Viktor"]
[BlackFideId "4175700"]
[WhiteElo "2329"]
[BlackElo "2552"]
[Result "0-1"]
[Round "2"]
[TimeControl "180+1"]
[Date "2023.08.15"]
[WhiteClock "0:01:00"]
[BlackClock "0:00:33"]
[Board "116"]

1. e4 e5 2. Nf3 Nc6 3. Nc3 g6 4. d4 exd4 5. Nxd4 Bg7 6. Be3 Nf6 7. Be2 O-O 8. O-O Re8 9. Nxc6 bxc6 10. Bf3 Rb8 11. Rb1 a5 12. Qd2 d6 13. Rfd1 Nd7 14. Be2 Ne5 15. h3 Be6 16. Bd4 c5 17. Be3 Nc4 18. Bxc4 Bxc4 19. a3 Qf6 20. f3 Be6 21. Bg5 Qd4+ 22. Be3 Qxd2 23. Bxd2 f5 24. Nd5 Bxd5 25. exd5 a4 26. c3 Rb3 27. Bc1 Bxc3 28. Kf1 Reb8 29. Rd3 Bd4 30. Ke2 Kf7 31. Rxb3 Rxb3 32. Kd1 Kf6 33. f4 Rg3 0-1


[Site "https://www.chess.com"]

[Event "Titled Tuesday Blitz August 15 Late 2023"]
[White "Garakov, Mikhael"]
[Black "Carrasco Miranda, Andres"]
[WhiteFideId "4169034"]
[BlackFideId "3405990"]
[WhiteElo "2544"]
[BlackElo "2328"]
[Result "1-0"]
[Round "2"]
[TimeControl "180+1"]
[Date "2023.08.15"]
[WhiteClock "0:01:13"]
[BlackClock "0:00:40"]
[Board "117"]

1. e4 e5 2. Nf3 Nc6 3. d4 exd4 4. Nxd4 Nf6 5. Nxc6 bxc6 6. e5 Qe7 7. Qe2 Nd5 8. c4 Ba6 9. b3 g6 10. f4 f6 11. exf6 Nxf6 12. Bb2 Bg7 13. Qxe7+ Kxe7 14. Nd2 c5 15. O-O-O d6 16. Bd3 Bb7 17. Rhe1+ Kf7 18. g4 Rhe8 19. g5 Nh5 20. f5 Bxb2+ 21. Kxb2 gxf5 22. Bxf5 Kg7 23. Bd7 Rf8 24. Re7+ Rf7 25. Rde1 Rf8 26. Be8 Nf4 27. Bxf7 Nd3+ 28. Kc3 Nxe1 29. Bd5+ Kh8 30. Bxb7 1-0


[Site "https://www.chess.com"]

[Event "Titled Tuesday Blitz August 15 Late 2023"]
[White "Grebeniuk, Semen"]
[Black "UgarteCesar"]
[WhiteFideId "14117509"]
[WhiteElo "2516"]
[BlackElo "2328"]
[Result "1-0"]
[Round "2"]
[TimeControl "180+1"]
[Date "2023.08.15"]
[WhiteClock "0:00:43"]
[BlackClock "0:00:30"]
[Board "118"]

1. d4 d5 2. c4 e6 3. Nc3 h6 4. cxd5 exd5 5. Nf3 c6 6. Bf4 Bd6 7. Bg3 Nf6 8. e3 O-O 9. Qc2 Bxg3 10. hxg3 Nbd7 11. Bd3 Re8 12. O-O-O b5 13. Kb1 a5 14. Rc1 Bb7 15. Ne2 a4 16. Nf4 Nb6 17. Ne5 Nc4 18. Bxc4 bxc4 19. Ka1 a3 20. b3 Qd6 21. bxc4 Rxe5 22. c5 Qe7 23. dxe5 Qxe5+ 24. Qc3 Qe7 25. Nh5 Ne8 26. Rh4 Bc8 27. Rb4 Bf5 28. Rb3 Qg5 29. Nf4 Nf6 30. Rxa3 Rc8 31. Ra4 Ne4 32. Qb2 Qe7 33. g4 Bh7 34. Ra5 Nf6 35. Nh5 Ne8 36. Ra4 Be4 37. f3 Bg6 38. Qd4 Nc7 39. Qxg7# 1-0


[Site "https://www.chess.com"]

[Event "Titled Tuesday Blitz August 15 Late 2023"]
[White "Olenik Campa, Rudi"]
[Black "Cheer_Down"]
[WhiteFideId "14633264"]
[WhiteElo "2515"]
[BlackElo "2322"]
[Result "1/2-1/2"]
[Round "2"]
[TimeControl "180+1"]
[Date "2023.08.15"]
[WhiteClock "0:00:06"]
[BlackClock "0:00:10"]
[Board "119"]

1. g3 d5 2. Bg2 Nc6 3. d4 Bf5 4. c3 e5 5. dxe5 Nxe5 6. Qxd5 Qxd5 7. Bxd5 O-O-O 8. Bb3 Bc5 9. h3 Nf6 10. Bg5 Rhe8 11. Bxf6 gxf6 12. Kf1 b5 13. Na3 Bxa3 14. bxa3 Rd2 15. Rd1 Red8 16. Rxd2 Rxd2 17. Nf3 Nxf3 18. exf3 Be6 19. Kg2 Bxb3 20. axb3 Rc2 21. Re1 Rxc3 22. Re3 Rxe3 23. fxe3 c5 24. Kf2 Kd7 25. Ke2 Kd6 26. Kd3 a6 27. e4 Ke5 28. f4+ Ke6 29. g4 h6 30. h4 Kd6 31. h5 Ke6 32. Kc3 Ke7 33. Kd3 Ke6 34. Ke3 Ke7 35. Kd3 Ke6 1/2-1/2


[Site "https://www.chess.com"]

[Event "Titled Tuesday Blitz August 15 Late 2023"]
[White "Kiselev, Pavel"]
[Black "Koc, Przemyslaw"]
[WhiteFideId "4191102"]
[BlackFideId "1109081"]
[WhiteElo "2321"]
[BlackElo "2507"]
[Result "0-1"]
[Round "2"]
[TimeControl "180+1"]
[Date "2023.08.15"]
[WhiteClock "0:01:42"]
[BlackClock "0:02:26"]
[Board "120"]

1. e4 d6 2. d4 Nf6 3. Nc3 e5 4. dxe5 dxe5 5. Qxd8+ Kxd8 6. Nf3 Bd6 7. Bc4 Ke7 8. O-O h6 9. Be3 a6 10. Nd5+ Nxd5 11. Bxd5 c6 12. Bb3 Be6 13. Bxe6 Kxe6 14. Nd2 Nd7 15. Nc4 Bc7 16. Rad1 b5 17. Nd2 Bb6 18. Bxb6 Nxb6 19. Nb3 Na4 20. Rd2 Rhd8 21. Rfd1 Rxd2 22. Rxd2 Ke7 23. c3 Rd8 24. Rxd8 Kxd8 25. Na5 Kc7 26. Kf1 c5 27. Ke2 Nxb2 28. Kd2 c4 29. Kc2 Na4 30. Kb1 Kb6 31. Nxc4+ bxc4 32. Kc2 Kb5 33. f3 Nc5 34. Kb2 Nd3+ 35. Kb1 Ne1 36. g3 Nxf3 0-1


[Site "https://www.chess.com"]

[Event "Titled Tuesday Blitz August 15 Late 2023"]
[White "Ouellet, Maili-Jade"]
[Black "Hirneise, Jens"]
[WhiteFideId "2620472"]
[BlackFideId "24614734"]
[WhiteElo "2320"]
[BlackElo "2504"]
[Result "1-0"]
[Round "2"]
[TimeControl "180+1"]
[Date "2023.08.15"]
[WhiteClock "0:00:04"]
[BlackClock "0:00:01"]
[Board "121"]

1. e4 c5 2. Nf3 e6 3. d4 cxd4 4. Nxd4 Bc5 5. Nb3 Bb6 6. Bd3 Ne7 7. O-O Nbc6 8. Nc3 O-O 9. Qe2 f5 10. Kh1 f4 11. f3 Ne5 12. a4 N7g6 13. a5 Bc7 14. Nb5 Bb8 15. Bd2 Qh4 16. Bb4 Rf6 17. Nd6 Bxd6 18. Bxd6 Qh5 19. Qd2 Nh4 20. Rf2 Nf7 21. Bxf4 e5 22. Bg3 d6 23. Bc4 Be6 24. Bxe6 Rxe6 25. a6 b6 26. Qd5 Rae8 27. Rd1 Kh8 28. Rd3 g5 29. Rc3 R6e7 30. Rc6 Ng6 31. Kg1 Nf4 32. Qc4 Qg6 33. Nc1 h5 34. Ne2 Ne6 35. Rf1 Nf4 36. Bxf4 gxf4 37. Rf2 Rg8 38. Nc3 Ng5 39. Kf1 Nxf3 40. gxf3 Qg1+ 41. Ke2 Rg2 42. Rc8+ Kh7 43. Rxg2 Qxg2+ 44. Ke1 Qh1+ 45. Kd2 Qxh2+ 46. Ne2 Qg2 47. Rc7 Qg7 48. Rxe7 Qxe7 49. Qc6 Kh6 50. Qb7 Qd8 51. Qxa7 d5 52. exd5 Qxd5+ 53. Kc1 Qc5 54. Nc3 Qg1+ 55. Nd1 h4 56. Qc7 h3 57. Qd6+ Kh5 58. Qxe5+ Kg6 59. Qe4+ Kg5 60. Qe5+ Kg6 61. Qe6+ Kg5 62. Qg8+ 1-0


[Site "https://www.chess.com"]

[Event "Titled Tuesday Blitz August 15 Late 2023"]
[White "Taboas Rodriguez, Daniel"]
[Black "Martinez, Shawn"]
[WhiteFideId "2208466"]
[BlackFideId "2039770"]
[WhiteElo "2504"]
[BlackElo "2319"]
[Result "1/2-1/2"]
[Round "2"]
[TimeControl "180+1"]
[Date "2023.08.15"]
[WhiteClock "0:00:59"]
[BlackClock "0:00:20"]
[Board "122"]

1. d4 g6 2. Nf3 Bg7 3. c4 h6 4. Nc3 a6 5. e4 b6 6. Bd3 Bb7 7. O-O e6 8. Re1 d6 9. e5 Ne7 10. exd6 cxd6 11. Be4 d5 12. cxd5 Nxd5 13. Nxd5 Bxd5 14. Qa4+ b5 15. Qa3 Nc6 16. Bf4 b4 17. Qd3 O-O 18. Rad1 a5 19. Qd2 g5 20. Bg3 Rc8 21. Ne5 Bxe4 22. Rxe4 Qd5 23. Qe2 Nxe5 24. Bxe5 Qxa2 25. Bxg7 Kxg7 26. h4 Rc6 27. hxg5 hxg5 28. Re5 f6 29. d5 exd5 30. Rexd5 Rf7 31. g3 Rc1 32. Rd8 Qb1 33. Kg2 Qc2 34. Qe8 Qc6+ 35. Qxc6 Rxc6 36. Ra8 Rc5 37. Ra1 Rc2 38. b3 Rc3 39. R1xa5 Rxb3 40. Rb8 Rd7 41. Rab5 Rd4 42. R5b7+ Kg6 43. Rb6 g4 44. Rg8+ Kf7 45. Rgb8 Rd2 46. R8b7+ Kg6 47. Rxb4 Rxb4 48. Rxb4 Kg5 49. Rb8 Rc2 50. Rg8+ Kf5 51. Rf8 Ra2 52. Re8 Rd2 53. Rf8 Rb2 54. Rg8 Ra2 55. Rf8 Kg5 56. Rg8+ Kf5 57. Rb8 Rc2 58. Rb4 Kg5 59. Rf4 Re2 60. Ra4 Rb2 61. Re4 Rc2 62. Rb4 Rd2 63. Rb5+ f5 64. Rb6 Ra2 65. Rb8 Rd2 66. Rg8+ Kf6 67. Rf8+ Kg5 68. Rg8+ Kf6 69. Re8 Kg5 70. Kf1 Ra2 71. Ke1 Rb2 72. Re2 Rb1+ 73. Kd2 Rb3 74. Re3 Rb2+ 75. Ke1 Ra2 76. Re2 Ra1+ 77. Kd2 Ra3 78. Re3 Ra2+ 79. Ke1 Ra1+ 80. Ke2 Ra2+ 81. Kf1 Ra1+ 82. Kg2 Ra2 83. Rd3 Rb2 84. Rd8 Ra2 85. Rg8+ Kf6 86. Rf8+ Kg5 87. Rg8+ Kf6 88. Rf8+ Kg5 89. Rg8+ 1/2-1/2


[Site "https://www.chess.com"]

[Event "Titled Tuesday Blitz August 15 Late 2023"]
[White "Stachanczyk, Jacek"]
[Black "Arutla, Aditya"]
[WhiteFideId "1116657"]
[BlackFideId "30961998"]
[WhiteElo "2319"]
[BlackElo "2504"]
[Result "0-1"]
[Round "2"]
[TimeControl "180+1"]
[Date "2023.08.15"]
[WhiteClock "0:00:38"]
[BlackClock "0:00:39"]
[Board "123"]

1. e4 c5 2. Nf3 Nc6 3. d4 cxd4 4. Nxd4 Nf6 5. Nc3 e5 6. Ndb5 d6 7. Bg5 a6 8. Na3 b5 9. Nd5 Be7 10. Bxf6 Bxf6 11. c3 Bg5 12. Nc2 O-O 13. a4 bxa4 14. Rxa4 Be6 15. Rxa6 Rxa6 16. Bxa6 Qa5 17. Bd3 Bxd5 18. exd5 Ne7 19. Nb4 g6 20. O-O Nxd5 21. Nc6 Qb6 22. Qf3 Qxc6 23. Be4 Qb6 24. Bxd5 Qxb2 25. g3 Bd2 26. c4 Bb4 27. h4 h5 28. Qf6 Qc2 29. Ra1 Bc5 30. Ra6 Qd3 31. Rc6 Qxg3+ 32. Kf1 Qd3+ 33. Kg1 Qf5 34. Qxf5 gxf5 35. Rc7 Kg7 36. Kg2 Kf6 37. Kf3 e4+ 38. Ke2 Ke5 39. Rxf7 Rb8 40. Re7+ Kf4 41. Rg7 Rb2+ 42. Ke1 Bxf2+ 43. Kf1 Bxh4 0-1


[Site "https://www.chess.com"]

[Event "Titled Tuesday Blitz August 15 Late 2023"]
[White "Kujawski, Adam"]
[Black "Rengifo Blancas, Renzo Jhonathan"]
[WhiteFideId "1100920"]
[BlackFideId "3807185"]
[WhiteElo "2318"]
[BlackElo "2503"]
[Result "0-1"]
[Round "2"]
[TimeControl "180+1"]
[Date "2023.08.15"]
[WhiteClock "0:00:00"]
[BlackClock "0:01:25"]
[Board "124"]

1. e4 e5 2. Nf3 d6 3. d4 exd4 4. Nxd4 Nf6 5. Nc3 Be7 6. g3 O-O 7. Bg2 c5 8. Nf5 Bxf5 9. exf5 Nc6 10. Be3 Re8 11. O-O Bf8 12. g4 h6 13. h3 Rc8 14. Qd2 Ne5 15. b3 b5 16. Nd5 c4 17. Rad1 cxb3 18. cxb3 Nxd5 19. Bxd5 Qh4 20. Kg2 Nxg4 21. hxg4 Qxg4+ 22. Kh1 Qh5+ 23. Kg1 Qxf5 24. Bg2 Re6 25. Qd3 Qg4 26. Qd4 Qh5 27. Qf4 Rg6 28. Qh2 Qf3 29. Rd4 d5 30. Rf4 Qe2 31. Qh3 Re8 32. Qf3 Qxf3 33. Rxf3 Rg4 34. Rf4 Rg6 35. Kh2 Bd6 36. Bxd5 Rf6 0-1


[Site "https://www.chess.com"]

[Event "Titled Tuesday Blitz August 15 Late 2023"]
[White "Soderstrom, Adrian"]
[Black "Okike, David"]
[WhiteFideId "1745786"]
[BlackFideId "8500134"]
[WhiteElo "2502"]
[BlackElo "2318"]
[Result "1-0"]
[Round "2"]
[TimeControl "180+1"]
[Date "2023.08.15"]
[WhiteClock "0:00:11"]
[BlackClock "0:00:13"]
[Board "125"]

1. h4 d5 2. d4 Nf6 3. Nc3 c6 4. Bf4 Bf5 5. e3 e6 6. Be2 Bd6 7. g4 Bxf4 8. exf4 Be4 9. f3 Qd6 10. fxe4 Qxf4 11. e5 Qg3+ 12. Kf1 Ne4 13. Nxe4 dxe4 14. Qe1 Qe3 15. Qf2 Qd2 16. Kg2 Qxc2 17. Rf1 O-O 18. h5 Nd7 19. Nh3 f6 20. exf6 Rxf6 21. Qe3 Qxb2 22. g5 Rxf1 23. Rxf1 Qxa2 24. Rf2 Qd5 25. Bg4 Rf8 26. Nf4 Qd6 27. Bxe6+ Kh8 28. Qxe4 Re8 29. h6 gxh6 30. g6 Nf8 31. g7+ Kxg7 32. Nh5+ Kh8 33. d5 Ng6 34. Qd4+ Qe5 35. Qxe5+ Nxe5 36. Re2 Ng6 37. d6 Rd8 38. d7 Nf8 39. Bf5 Nxd7 40. Re7 Nf8 41. Nf6 Rd6 42. Nxh7 Nxh7 43. Rxh7+ Kg8 44. Rxb7 Rf6 45. Bg4 c5 46. Rxa7 Rc6 47. Bf3 Rc7 48. Bd5+ Kg7 49. Rxc7+ Kf6 50. Rxc5 Ke5 51. Ba2+ Kd6 52. Rh5 1-0


[Site "https://www.chess.com"]

[Event "Titled Tuesday Blitz August 15 Late 2023"]
[White "Castella Garcia, Fausto"]
[Black "GAO"]
[WhiteFideId "3501922"]
[WhiteElo "2501"]
[BlackElo "2315"]
[Result "1-0"]
[Round "2"]
[TimeControl "180+1"]
[Date "2023.08.15"]
[WhiteClock "0:00:56"]
[BlackClock "0:00:01"]
[Board "126"]

1. e4 e6 2. Nf3 d5 3. e5 c5 4. b4 cxb4 5. d4 f6 6. a3 Nc6 7. axb4 Bxb4+ 8. c3 Be7 9. Bd3 b6 10. O-O a5 11. Na3 Ba6 12. Nb5 Qd7 13. Rb1 fxe5 14. Nxe5 Nxe5 15. dxe5 g6 16. Be3 Bc5 17. Bxc5 bxc5 18. Nd6+ Kf8 19. Bxa6 Rxa6 20. Rb8+ Kg7 21. Rb7 Rxd6 22. Rxd7+ Rxd7 23. Qa4 Re7 24. Qxa5 Nh6 25. Qxc5 Rd7 26. Ra1 Nf5 27. Ra7 Rd8 28. Rxd7+ Rxd7 29. g4 Nh4 30. Qe3 h6 31. f4 Rf7 32. Qg3 g5 33. f5 exf5 34. gxf5 Nxf5 35. Qd3 Ne7 36. Kg2 Rf5 37. Qd4 Kf7 38. Kg3 Ke6 39. h4 Rxe5 40. Qb6+ Kf5 41. Qxh6 Re3+ 42. Kf2 Ke4 43. Qe6+ 1-0


[Site "https://www.chess.com"]

[Event "Titled Tuesday Blitz August 15 Late 2023"]
[White "Peycheva, Gergana"]
[Black "Manon-og, Ramon Jr."]
[WhiteFideId "2916711"]
[BlackFideId "5200776"]
[WhiteElo "2499"]
[BlackElo "2311"]
[Result "1-0"]
[Round "2"]
[TimeControl "180+1"]
[Date "2023.08.15"]
[WhiteClock "0:00:09"]
[BlackClock "0:00:03"]
[Board "127"]

1. d4 Nf6 2. c4 g6 3. Nc3 d5 4. cxd5 Nxd5 5. e4 Nxc3 6. bxc3 Bg7 7. Nf3 c5 8. Be3 cxd4 9. cxd4 O-O 10. Qd2 Bg4 11. Be2 Nc6 12. Rd1 Rc8 13. O-O Na5 14. Qb4 b6 15. h3 Bxf3 16. Bxf3 Rc4 17. Qb2 Qd6 18. e5 Qe6 19. Qb5 Rc2 20. Be4 Rc7 21. Bd5 Qf5 22. Rc1 Rfc8 23. Qa6 Rxc1 24. Rxc1 Rxc1+ 25. Bxc1 Qd7 26. Bf3 h5 27. Be3 Nc6 28. Qc4 Na5 29. Qc3 Qe6 30. Qc7 Nc4 31. Qxa7 Nxe3 32. fxe3 Kh7 33. Qa3 Bh6 34. Qd3 Qxa2 35. Kh2 Qe6 36. Qe4 b5 37. Bxh5 b4 38. d5 Qf5 39. Qxf5 gxf5 40. Bxf7 Kg7 41. d6 exd6 42. e6 Bxe3 43. Bh5 Bf4+ 44. g3 Bg5 45. h4 Bf6 46. Bd1 d5 47. Bb3 d4 48. Kg2 d3 49. Kf2 Bd4+ 50. Ke1 Kf6 51. Kd2 Bf2 52. Kxd3 Bxg3 53. h5 Be1 54. h6 Bc3 55. h7 Ke7 56. Ke3 Kd6 57. Kf4 Ke7 58. Kxf5 Kd6 59. Kg6 Ke7 60. Bc4 Kd6 61. Kf7 Bf6 62. Kxf6 b3 63. Bxb3 1-0


[Site "https://www.chess.com"]

[Event "Titled Tuesday Blitz August 15 Late 2023"]
[White "szachmistrz2500"]
[Black "Daianu, Cristian-Clement"]
[BlackFideId "1208926"]
[WhiteElo "2492"]
[BlackElo "2303"]
[Result "1-0"]
[Round "2"]
[TimeControl "180+1"]
[Date "2023.08.15"]
[WhiteClock "0:02:31"]
[BlackClock "0:01:40"]
[Board "128"]

1. Nf3 d5 2. g3 e6 3. Bg2 f5 4. O-O Bd6 5. d3 c6 6. c4 Nf6 7. Nc3 O-O 8. e4 fxe4 9. dxe4 dxc4 10. e5 Nd5 11. exd6 Qxd6 12. Qe2 b5 13. Ne4 Qe7 14. Be3 Nd7 15. Rad1 a5 16. Nd4 Bb7 17. Bg5 N7f6 18. Bh3 Bc8 19. Nxc6 Qc5 20. Ne5 Ra6 21. Nxc5 1-0


[Site "https://www.chess.com"]

[Event "Titled Tuesday Blitz August 15 Late 2023"]
[White "arenal72"]
[Black "Shapiro, Daniel"]
[BlackFideId "2001780"]
[WhiteElo "2490"]
[BlackElo "2303"]
[Result "1-0"]
[Round "2"]
[TimeControl "180+1"]
[Date "2023.08.15"]
[WhiteClock "0:00:18"]
[BlackClock "0:00:00"]
[Board "129"]

1. e4 c5 2. Nf3 Nc6 3. d4 cxd4 4. Nxd4 Nf6 5. Nc3 d6 6. Bg5 Qb6 7. Nb3 e6 8. Be2 a6 9. O-O Be7 10. Kh1 Qc7 11. f4 O-O 12. Qd2 b5 13. a3 Bb7 14. Rae1 Rac8 15. Bf3 Rfd8 16. Qf2 b4 17. axb4 Nxb4 18. e5 Nfd5 19. Bxe7 Qxe7 20. exd6 Rxd6 21. Nxd5 Nxd5 22. c3 g6 23. Nd4 Qf6 24. Bxd5 Bxd5 25. Qe3 Rb8 26. b4 Rc8 27. Qe5 Qxe5 28. fxe5 Rd7 29. Re3 Rdc7 30. Rc1 Kg7 31. Kg1 f6 32. exf6+ Kxf6 33. Kf2 e5 34. Ne2 Rc4 35. Rd1 Be6 36. Rd6 R8c6 37. Rxc6 Rxc6 38. Ke1 Bf5 39. Kd2 Rd6+ 40. Kc1 Rd3 41. Rxd3 Bxd3 42. Ng3 h5 43. Kd2 Bb1 44. h4 e4 45. Ke3 Ke5 46. c4 Bd3 47. c5 Bc2 48. Ne2 Ba4 49. Nf4 Be8 50. g3 Kf5 51. Ne2 Bd7 52. c6 Bc8 53. Nc3 Ke5 54. Nxe4 Kd5 55. c7 Kc6 56. Kf4 Kxc7 57. Kg5 Bf5 58. Nc5 Kb6 59. Nb3 Kb5 60. Nd4+ Kxb4 61. Nxf5 gxf5 62. Kxf5 a5 63. g4 a4 64. g5 a3 65. g6 a2 66. g7 a1=Q 67. g8=Q Qf1+ 68. Kg6 Qg2+ 69. Kh7 Qc2+ 70. Qg6 Qc7+ 71. Kh6 Qf4+ 72. Kxh5 Kc5 73. Qg5+ Qxg5+ 74. Kxg5 Kd6 75. Kf6 1-0


[Site "https://www.chess.com"]